[ PARTIDA AOE2 · #481493470 ]
Team RMKitán vs Poles
[ ANÁLISIS DE REPETICIÓN · EXTRAÍDO DE LA PARTIDA GRABADA ]
Feudal
10:15
Castillos
23:19
Imperial
—
| APM promedio | 48.5 |
| APM pico | 85 |
| eAPM promedio | 22.8 |
| Aldeanos / militares | 81 / 42 |
Foco
⚔️ 25.0% · 🌾 75.0%
Scout Cavalry ×34 · Camel Scout ×8
Feudal
11:44
Castillos
19:14
Imperial
—
| APM promedio | 48.6 |
| APM pico | 98 |
| eAPM promedio | 19.9 |
| Aldeanos / militares | 62 / 24 |
Foco
⚔️ 31.2% · 🌾 68.8%
Militia ×20 · Battering Ram ×3 · Spearman ×1 · Unknown (1105) ×1
Feudal
9:52
Castillos
19:10
Imperial
—
| APM promedio | 30.8 |
| APM pico | 53 |
| eAPM promedio | 18.4 |
| Aldeanos / militares | 129 / 27 |
Foco
⚔️ 20.0% · 🌾 80.0%
Knight ×22 · Scout Cavalry ×5
Feudal
10:44
Castillos
23:38
Imperial
—
| APM promedio | 20.9 |
| APM pico | 51 |
| eAPM promedio | 11.9 |
| Aldeanos / militares | 56 / 42 |
Foco
⚔️ 30.8% · 🌾 69.2%
Archer ×38 · Spearman ×4
Feudal
10:04
Castillos
23:19
Imperial
—
| APM promedio | 34.0 |
| APM pico | 82 |
| eAPM promedio | 10.1 |
| Aldeanos / militares | 63 / 28 |
Foco
⚔️ 22.0% · 🌾 78.0%
Knight ×14 · Scout Cavalry ×14
Feudal
10:17
Castillos
18:27
Imperial
—
| APM promedio | 20.2 |
| APM pico | 61 |
| eAPM promedio | 11.9 |
| Aldeanos / militares | 70 / 47 |
Foco
⚔️ 21.8% · 🌾 78.2%
Archer ×41 · Scorpion ×4 · Mangonel ×2
Feudal
9:30
Castillos
25:17
Imperial
—
| APM promedio | 48.7 |
| APM pico | 98 |
| eAPM promedio | 17.6 |
| Aldeanos / militares | 59 / 58 |
Foco
⚔️ 35.8% · 🌾 64.2%
Archer ×58
Feudal
8:10
Castillos
29:43
Imperial
—
| APM promedio | 71.7 |
| APM pico | 115 |
| eAPM promedio | 21.3 |
| Aldeanos / militares | 67 / 84 |
Foco
⚔️ 39.2% · 🌾 60.8%
Archer ×84
Mapa de la partida
Recursos iniciales + cada clic de construcción. Líneas = muros · curvas = relieve. ◆ oro · ⬟ piedra · ● bayas · ✦ reliquia · ◌ hueco del cierre
Tu base· Abierta — hueco de 1t
Base de Kill Line· Abierta — flanco sin cerrar
Base de Catoño· Abierta — flanco sin cerrar
Base de jerius02· Abierta — flanco sin cerrar
Base de 坐边打一波就跑· Abierta — flanco sin cerrar
Base de [Traidor]Fleco· Abierta — flanco sin cerrar
Base de makeinu· Abierta — flanco sin cerrar
Base de Polenta· Abierta — flanco sin cerrar
Terreno inicial suavizado · ◌ = hueco del cierre detectado · pasá el cursor para detalles
Inputs por minuto
— Cuervo - - Kill Line
Build order — Cuervo
Primeras 150 de 207 acciones detectadas
| 0:03 | Crear | Villager (Male) |
| 0:03 | Crear | Villager (Male) |
| 0:04 | Crear | Villager (Male) |
| 0:04 | Crear | Villager (Male) |
| 0:05 | Construir | House |
| 0:08 | Construir | House |
| 1:26 | Crear | Villager (Male) |
| 1:27 | Crear | Villager (Male) |
| 1:57 | Crear | Villager (Male) |
| 1:57 | Crear | Villager (Male) |
| 2:32 | Crear | Villager (Male) |
| 2:32 | Crear | Villager (Male) |
| 2:43 | Construir | Lumber Camp |
| 3:01 | Crear | Villager (Male) |
| 3:01 | Crear | Villager (Male) |
| 3:04 | Crear | Villager (Male) |
| 3:04 | Crear | Villager (Male) |
| 3:36 | Crear | Villager (Male) |
| 3:37 | Crear | Villager (Male) |
| 3:58 | Construir | House |
| 4:00 | Construir | House |
| 4:09 | Crear | Villager (Male) |
| 4:09 | Crear | Villager (Male) |
| 4:46 | Crear | Villager (Male) |
| 4:47 | Crear | Villager (Male) |
| 5:08 | Crear | Villager (Male) |
| 5:08 | Crear | Villager (Male) |
| 5:12 | Construir | Mill |
| 5:21 | Crear | Villager (Male) |
| 5:21 | Crear | Villager (Male) |
| 5:22 | Crear | Villager (Male) |
| 5:54 | Crear | Villager (Male) |
| 5:55 | Crear | Villager (Male) |
| 6:21 | Crear | Villager (Male) |
| 6:23 | Investigar | Loom |
| 6:23 | Investigar | Loom |
| 7:09 | Construir | Pasture |
| 8:05 | Investigar | Feudal Age |
| 8:05 | Investigar | Feudal Age |
| 8:19 | Construir | Lumber Camp |
| 9:50 | Crear | Villager (Male) |
| 10:15 | Edad | Edad Feudal |
| 10:34 | Construir | Barracks |
| 10:34 | Crear | Villager (Male) |
| 10:39 | Investigar | Double-Bit Axe |
| 10:39 | Investigar | Double-Bit Axe |
| 10:41 | Investigar | Tech 1014 |
| 10:42 | Investigar | Tech 1014 |
| 10:42 | Crear | Villager (Male) |
| 11:04 | Construir | Mill |
| 11:11 | Crear | Villager (Male) |
| 11:31 | Construir | Stable |
| 11:32 | Crear | Villager (Male) |
| 11:50 | Construir | Pasture |
| 12:02 | Construir | House |
| 12:04 | Construir | House |
| 12:09 | Crear | Villager (Male) |
| 12:19 | Crear | Villager (Male) |
| 12:27 | Construir | Pasture |
| 12:32 | Crear | Scout Cavalry |
| 12:34 | Crear | Scout Cavalry |
| 12:55 | Crear | Villager (Male) |
| 12:58 | Construir | Pasture |
| 13:06 | Crear | Scout Cavalry |
| 13:19 | Construir | Pasture |
| 13:22 | Crear | Villager (Male) |
| 13:24 | Crear | Scout Cavalry |
| 13:42 | Construir | Pasture |
| 13:48 | Crear | Villager (Male) |
| 13:52 | Crear | Scout Cavalry |
| 13:56 | Construir | House |
| 13:57 | Construir | House |
| 13:59 | Crear | Villager (Male) |
| 14:02 | Crear | Scout Cavalry |
| 14:23 | Crear | Scout Cavalry |
| 14:34 | Crear | Villager (Male) |
| 14:38 | Crear | Villager (Male) |
| 14:41 | Construir | Pasture |
| 14:56 | Construir | Pasture |
| 14:57 | Crear | Villager (Male) |
| 15:02 | Construir | House |
| 15:06 | Crear | Scout Cavalry |
| 15:33 | Crear | Villager (Male) |
| 15:42 | Construir | Mining Camp |
| 15:48 | Crear | Villager (Male) |
| 15:56 | Construir | Blacksmith |
| 16:01 | Crear | Villager (Male) |
| 16:07 | Crear | Scout Cavalry |
| 16:08 | Crear | Scout Cavalry |
| 16:19 | Construir | Pasture |
| 16:31 | Crear | Scout Cavalry |
| 17:14 | Investigar | Scale Barding Armor |
| 17:14 | Investigar | Scale Barding Armor |
| 17:15 | Investigar | Forging |
| 17:15 | Investigar | Forging |
| 17:19 | Construir | Pasture |
| 18:00 | Construir | Pasture |
| 18:20 | Crear | Villager (Male) |
| 18:23 | Crear | Scout Cavalry |
| 18:32 | Construir | Stable |
| 18:59 | Crear | Villager (Male) |
| 19:09 | Construir | House |
| 19:10 | Construir | House |
| 19:10 | Construir | House |
| 19:10 | Construir | House |
| 19:13 | Crear | Villager (Male) |
| 19:37 | Crear | Villager (Male) |
| 19:57 | Crear | Villager (Male) |
| 20:00 | Crear | Scout Cavalry |
| 20:01 | Crear | Scout Cavalry |
| 20:07 | Construir | Market |
| 20:23 | Crear | Villager (Male) |
| 20:29 | Investigar | Castle Age |
| 20:38 | Construir | Pasture |
| 20:48 | Investigar | Gold Mining |
| 20:48 | Investigar | Gold Mining |
| 21:47 | Crear | Villager (Male) |
| 22:08 | Crear | Villager (Male) |
| 22:35 | Crear | Villager (Male) |
| 22:46 | Construir | House |
| 22:51 | Crear | Scout Cavalry |
| 22:53 | Crear | Scout Cavalry |
| 22:53 | Crear | Scout Cavalry |
| 22:54 | Crear | Scout Cavalry |
| 22:54 | Crear | Scout Cavalry |
| 22:54 | Crear | Scout Cavalry |
| 22:55 | Crear | Scout Cavalry |
| 22:55 | Crear | Scout Cavalry |
| 23:00 | Crear | Villager (Male) |
| 23:19 | Edad | Edad de los Castillos |
| 23:30 | Investigar | Light Cavalry (upgrade) |
| 23:30 | Investigar | Light Cavalry (upgrade) |
| 23:34 | Crear | Villager (Male) |
| 23:43 | Construir | Town Center |
| 23:48 | Crear | Scout Cavalry |
| 24:02 | Crear | Scout Cavalry |
| 24:05 | Investigar | Chain Barding Armor |
| 24:05 | Investigar | Chain Barding Armor |
| 24:09 | Crear | Villager (Male) |
| 24:39 | Crear | Villager (Male) |
| 24:42 | Crear | Villager (Male) |
| 24:50 | Crear | Scout Cavalry |
| 24:51 | Crear | Scout Cavalry |
| 24:51 | Crear | Scout Cavalry |
| 24:51 | Crear | Scout Cavalry |
| 24:52 | Crear | Scout Cavalry |
| 24:52 | Crear | Scout Cavalry |
| 24:53 | Crear | Scout Cavalry |
| 24:53 | Crear | Scout Cavalry |
| 24:55 | Crear | Villager (Male) |
Build order — Kill Line
Primeras 150 de 154 acciones detectadas
| 0:04 | Construir | House |
| 0:06 | Construir | House |
| 0:06 | Crear | Villager (Male) |
| 0:07 | Crear | Villager (Male) |
| 1:01 | Crear | Villager (Male) |
| 1:01 | Crear | Villager (Male) |
| 1:02 | Crear | Villager (Male) |
| 1:28 | Crear | Villager (Male) |
| 1:28 | Crear | Villager (Male) |
| 1:59 | Crear | Villager (Male) |
| 2:12 | Investigar | Loom |
| 2:39 | Construir | House |
| 3:08 | Crear | Villager (Male) |
| 3:08 | Crear | Villager (Male) |
| 3:09 | Crear | Villager (Male) |
| 3:24 | Construir | Palisade Wall |
| 3:31 | Construir | Palisade Wall |
| 3:47 | Construir | Lumber Camp |
| 4:00 | Crear | Villager (Male) |
| 4:01 | Crear | Villager (Male) |
| 4:01 | Crear | Villager (Male) |
| 4:01 | Crear | Villager (Male) |
| 4:08 | Construir | Lumber Camp |
| 4:38 | Crear | Villager (Male) |
| 5:44 | Crear | Villager (Male) |
| 5:44 | Crear | Villager (Male) |
| 5:44 | Crear | Villager (Male) |
| 6:31 | Construir | House |
| 6:40 | Construir | Palisade Gate |
| 6:42 | Construir | Palisade Wall |
| 6:43 | Crear | Villager (Male) |
| 6:44 | Crear | Villager (Male) |
| 6:44 | Crear | Villager (Male) |
| 6:44 | Crear | Villager (Male) |
| 6:47 | Construir | Mill |
| 6:49 | Crear | Villager (Male) |
| 8:24 | Construir | Palisade Wall |
| 8:37 | Construir | Barracks |
| 8:45 | Crear | Villager (Male) |
| 9:34 | Investigar | Feudal Age |
| 9:34 | Investigar | Feudal Age |
| 9:41 | Construir | House |
| 9:43 | Construir | Palisade Wall |
| 9:46 | Construir | Palisade Wall |
| 10:39 | Construir | Mining Camp |
| 10:51 | Construir | House |
| 11:22 | Construir | Farm |
| 11:23 | Construir | Farm |
| 11:25 | Construir | Farm |
| 11:31 | Construir | Farm |
| 11:44 | Edad | Edad Feudal |
| 12:00 | Crear | Villager (Male) |
| 12:03 | Construir | Farm |
| 12:25 | Construir | Stone Wall |
| 12:32 | Construir | Stone Wall |
| 12:35 | Crear | Villager (Male) |
| 12:43 | Investigar | Double-Bit Axe |
| 12:51 | Crear | Villager (Male) |
| 13:02 | Construir | Farm |
| 13:06 | Crear | Spearman |
| 13:50 | Construir | Farm |
| 14:02 | Crear | Villager (Male) |
| 14:24 | Crear | Villager (Male) |
| 14:29 | Construir | Farm |
| 14:35 | Construir | Blacksmith |
| 15:02 | Construir | Farm |
| 15:04 | Crear | Villager (Male) |
| 15:33 | Construir | Market |
| 15:44 | Crear | Villager (Male) |
| 16:08 | Crear | Villager (Male) |
| 16:13 | Construir | Mining Camp |
| 16:25 | Investigar | Castle Age |
| 16:25 | Investigar | Castle Age |
| 16:44 | Investigar | Horse Collar |
| 17:42 | Construir | House |
| 17:49 | Construir | House |
| 18:33 | Crear | Militia |
| 18:35 | Crear | Militia |
| 18:35 | Crear | Militia |
| 18:36 | Crear | Militia |
| 18:39 | Investigar | Forging |
| 18:40 | Investigar | Scale Mail Armor |
| 19:00 | Crear | Militia |
| 19:01 | Crear | Militia |
| 19:04 | Construir | House |
| 19:05 | Construir | House |
| 19:14 | Edad | Edad de los Castillos |
| 19:18 | Construir | Siege Workshop |
| 19:23 | Crear | Villager (Male) |
| 19:25 | Crear | Villager (Male) |
| 19:39 | Investigar | Gambesons |
| 19:51 | Construir | Farm |
| 20:13 | Crear | Villager (Male) |
| 20:17 | Construir | Farm |
| 20:20 | Crear | Militia |
| 20:29 | Crear | Unit 1105 |
| 20:39 | Crear | Villager (Male) |
| 20:42 | Construir | Farm |
| 20:53 | Crear | Militia |
| 21:06 | Crear | Militia |
| 21:26 | Crear | Villager (Male) |
| 21:27 | Construir | Farm |
| 21:33 | Crear | Militia |
| 21:42 | Crear | Villager (Male) |
| 22:15 | Crear | Militia |
| 22:48 | Crear | Villager (Male) |
| 22:57 | Construir | Castle |
| 23:38 | Crear | Villager (Male) |
| 23:38 | Crear | Villager (Male) |
| 24:25 | Crear | Villager (Male) |
| 24:26 | Crear | Villager (Male) |
| 24:28 | Investigar | Iron Casting |
| 24:28 | Investigar | Iron Casting |
| 24:31 | Construir | Town Center |
| 24:33 | Crear | Villager (Male) |
| 24:36 | Construir | Farm |
| 24:48 | Crear | Militia |
| 24:49 | Crear | Militia |
| 24:49 | Crear | Militia |
| 24:49 | Crear | Militia |
| 24:50 | Crear | Militia |
| 25:29 | Construir | Farm |
| 25:30 | Crear | Villager (Male) |
| 25:33 | Crear | Villager (Male) |
| 25:34 | Crear | Villager (Male) |
| 25:43 | Crear | Battering Ram |
| 26:42 | Crear | Villager (Male) |
| 26:42 | Crear | Villager (Male) |
| 26:42 | Crear | Villager (Male) |
| 26:42 | Crear | Villager (Male) |
| 26:43 | Crear | Villager (Male) |
| 27:17 | Construir | Mining Camp |
| 27:43 | Crear | Villager (Male) |
| 27:44 | Crear | Villager (Male) |
| 27:45 | Crear | Villager (Male) |
| 27:45 | Crear | Villager (Male) |
| 28:46 | Crear | Militia |
| 28:46 | Crear | Militia |
| 28:46 | Crear | Militia |
| 28:51 | Crear | Battering Ram |
| 28:52 | Crear | Battering Ram |
| 29:17 | Construir | Farm |
| 29:18 | Construir | Farm |
| 29:21 | Crear | Villager (Male) |
| 29:21 | Crear | Villager (Male) |
| 29:22 | Crear | Villager (Male) |
| 29:27 | Crear | Militia |
| 29:29 | Construir | Barracks |
| 29:31 | Construir | Barracks |
| 29:34 | Construir | House |
Build order — Catoño
Primeras 150 de 232 acciones detectadas
| 0:11 | Crear | Villager (Male) ×4 |
| 1:15 | Crear | Villager (Male) |
| 1:15 | Crear | Villager (Male) |
| 1:16 | Crear | Villager (Male) |
| 1:17 | Crear | Villager (Male) |
| 1:45 | Crear | Villager (Male) |
| 2:23 | Construir | Lumber Camp |
| 2:25 | Crear | Villager (Male) |
| 2:49 | Crear | Villager (Male) |
| 2:55 | Crear | Villager (Male) |
| 3:49 | Crear | Villager (Male) |
| 3:49 | Crear | Villager (Male) |
| 4:09 | Crear | Villager (Male) |
| 4:10 | Crear | Villager (Male) |
| 4:22 | Crear | Villager (Male) |
| 4:22 | Crear | Villager (Male) |
| 4:27 | Construir | Mill |
| 4:51 | Crear | Villager (Male) |
| 4:51 | Crear | Villager (Male) |
| 5:19 | Crear | Villager (Male) |
| 5:20 | Crear | Villager (Male) |
| 6:16 | Crear | Villager (Male) |
| 6:50 | Crear | Villager (Male) |
| 7:04 | Investigar | Loom |
| 7:42 | Investigar | Feudal Age |
| 7:42 | Investigar | Feudal Age |
| 8:27 | Construir | Barracks |
| 8:43 | Construir | Mining Camp |
| 8:45 | Crear | Villager (Male) |
| 8:46 | Crear | Villager (Male) |
| 9:36 | Construir | Farm |
| 9:52 | Edad | Edad Feudal |
| 9:55 | Construir | Stable |
| 9:56 | Crear | Villager (Male) |
| 10:25 | Investigar | Horse Collar |
| 10:55 | Crear | Villager (Male) |
| 10:56 | Crear | Scout Cavalry |
| 10:56 | Crear | Scout Cavalry |
| 11:05 | Construir | Lumber Camp |
| 11:16 | Construir | Mining Camp |
| 11:16 | Crear | Villager (Male) |
| 11:32 | Construir | Farm |
| 11:45 | Crear | Scout Cavalry |
| 11:59 | Crear | Villager (Male) |
| 12:02 | Construir | Farm |
| 12:08 | Construir | Farm |
| 12:17 | Crear | Villager (Male) |
| 12:27 | Construir | Farm |
| 12:42 | Crear | Villager (Male) |
| 12:46 | Construir | Farm |
| 13:03 | Crear | Villager (Male) |
| 13:05 | Construir | Farm |
| 13:28 | Crear | Scout Cavalry |
| 13:33 | Crear | Villager (Male) |
| 13:59 | Construir | Farm |
| 14:00 | Crear | Villager (Male) |
| 14:14 | Construir | Blacksmith |
| 14:27 | Crear | Villager (Male) |
| 14:55 | Crear | Villager (Male) |
| 15:04 | Construir | Market |
| 15:22 | Crear | Villager (Male) |
| 16:16 | Construir | Mill |
| 16:30 | Investigar | Castle Age |
| 16:31 | Investigar | Castle Age |
| 16:33 | Construir | Farm |
| 16:39 | Construir | Farm |
| 17:16 | Investigar | Padded Archer Armor |
| 17:43 | Investigar | Forging |
| 17:44 | Investigar | Forging |
| 17:47 | Construir | Stable |
| 18:23 | Investigar | Gold Mining |
| 18:24 | Investigar | Double-Bit Axe |
| 18:53 | Investigar | Scale Barding Armor |
| 19:10 | Edad | Edad de los Castillos |
| 19:19 | Crear | Villager (Male) |
| 19:50 | Crear | Villager (Male) |
| 19:53 | Construir | Farm |
| 19:56 | Construir | Town Center |
| 19:59 | Construir | Town Center |
| 20:12 | Crear | Villager (Male) |
| 20:31 | Crear | Villager (Male) |
| 20:39 | Investigar | Iron Casting |
| 20:44 | Crear | Villager (Male) |
| 20:52 | Construir | Farm |
| 20:55 | Construir | Farm |
| 20:59 | Construir | Farm |
| 21:00 | Construir | Farm |
| 21:02 | Construir | Farm |
| 21:04 | Construir | Farm |
| 21:06 | Construir | Farm |
| 21:15 | Crear | Villager (Male) |
| 21:15 | Crear | Villager (Male) |
| 21:27 | Crear | Villager (Male) |
| 21:48 | Crear | Villager (Male) |
| 21:49 | Crear | Villager (Male) |
| 21:50 | Crear | Villager (Male) |
| 21:51 | Crear | Villager (Male) |
| 22:07 | Crear | Villager (Male) |
| 22:07 | Crear | Villager (Male) |
| 22:10 | Crear | Villager (Male) |
| 22:20 | Crear | Villager (Male) |
| 22:20 | Crear | Villager (Male) |
| 22:22 | Construir | Farm |
| 22:23 | Construir | Farm |
| 22:25 | Construir | Farm |
| 22:26 | Crear | Villager (Male) |
| 22:27 | Crear | Villager (Male) |
| 22:31 | Construir | Farm |
| 22:34 | Construir | Farm |
| 22:42 | Crear | Villager (Male) |
| 22:43 | Crear | Villager (Male) |
| 22:45 | Construir | Farm |
| 22:52 | Crear | Knight |
| 22:53 | Crear | Knight |
| 22:53 | Crear | Knight |
| 23:04 | Crear | Villager (Male) |
| 23:04 | Crear | Villager (Male) |
| 23:08 | Construir | Town Center |
| 23:09 | Crear | Villager (Male) |
| 23:09 | Crear | Villager (Male) |
| 23:17 | Construir | Farm |
| 23:19 | Construir | Farm |
| 23:29 | Crear | Villager (Male) |
| 23:29 | Crear | Villager (Male) |
| 23:30 | Construir | Farm |
| 23:37 | Construir | Farm |
| 23:38 | Crear | Villager (Male) |
| 23:38 | Crear | Villager (Male) |
| 23:52 | Crear | Villager (Male) |
| 24:01 | Construir | Farm |
| 24:05 | Construir | Farm |
| 24:08 | Crear | Villager (Male) |
| 24:09 | Crear | Villager (Male) |
| 24:09 | Crear | Villager (Male) |
| 24:13 | Crear | Knight |
| 24:14 | Crear | Knight |
| 24:24 | Crear | Villager (Male) |
| 24:25 | Crear | Villager (Male) |
| 24:35 | Crear | Villager (Male) |
| 24:35 | Crear | Villager (Male) |
| 24:38 | Crear | Knight |
| 24:38 | Crear | Knight |
| 24:41 | Crear | Knight |
| 24:41 | Crear | Knight |
| 24:45 | Crear | Knight |
| 24:46 | Crear | Knight |
| 25:06 | Crear | Villager (Male) |
| 25:07 | Crear | Villager (Male) |
| 25:22 | Crear | Villager (Male) |
| 25:23 | Crear | Villager (Male) |
Build order — jerius02
Primeras 150 de 166 acciones detectadas
| 0:04 | Construir | House |
| 0:04 | Crear | Villager (Male) |
| 0:04 | Crear | Villager (Male) |
| 0:04 | Crear | Villager (Male) |
| 0:06 | Construir | House |
| 0:27 | Crear | Villager (Male) |
| 0:27 | Crear | Villager (Male) |
| 1:32 | Crear | Villager (Male) |
| 1:57 | Crear | Villager (Male) |
| 2:15 | Construir | Lumber Camp |
| 2:35 | Crear | Villager (Male) |
| 3:00 | Crear | Villager (Male) |
| 3:17 | Crear | Villager (Male) |
| 3:22 | Construir | House |
| 3:37 | Investigar | Loom |
| 3:37 | Crear | Villager (Male) |
| 4:08 | Crear | Villager (Male) |
| 5:14 | Crear | Villager (Male) |
| 5:24 | Crear | Villager (Male) |
| 5:39 | Crear | Villager (Male) |
| 5:59 | Construir | Mill |
| 6:05 | Crear | Villager (Male) |
| 6:26 | Construir | House |
| 6:28 | Crear | Villager (Male) |
| 7:06 | Crear | Villager (Male) |
| 7:24 | Construir | Lumber Camp |
| 7:28 | Crear | Villager (Male) |
| 7:37 | Construir | Lumber Camp |
| 7:42 | Crear | Villager (Male) |
| 7:57 | Crear | Villager (Male) |
| 8:26 | Investigar | Feudal Age |
| 8:26 | Investigar | Feudal Age |
| 8:49 | Construir | House |
| 9:45 | Construir | Barracks |
| 9:47 | Crear | Villager (Male) |
| 10:12 | Construir | Mining Camp |
| 10:38 | Crear | Villager (Male) |
| 10:44 | Edad | Edad Feudal |
| 11:03 | Construir | Archery Range |
| 11:19 | Construir | Farm |
| 11:30 | Construir | Farm |
| 11:37 | Crear | Villager (Male) |
| 11:37 | Crear | Villager (Male) |
| 11:44 | Construir | Farm |
| 11:45 | Construir | Farm |
| 11:53 | Crear | Archer |
| 11:53 | Crear | Archer |
| 12:03 | Crear | Villager (Male) |
| 12:10 | Investigar | Double-Bit Axe |
| 12:19 | Construir | House |
| 12:22 | Crear | Villager (Male) |
| 12:25 | Crear | Archer |
| 12:32 | Crear | Villager (Male) |
| 12:49 | Construir | Lumber Camp |
| 13:05 | Construir | Farm |
| 13:05 | Construir | Farm |
| 13:10 | Crear | Archer |
| 13:11 | Crear | Archer |
| 13:21 | Crear | Villager (Male) |
| 13:37 | Crear | Archer |
| 13:41 | Construir | House |
| 14:00 | Construir | House |
| 14:05 | Crear | Villager (Male) |
| 14:08 | Crear | Archer |
| 14:08 | Crear | Archer |
| 14:21 | Construir | Blacksmith |
| 14:23 | Crear | Villager (Male) |
| 14:28 | Crear | Villager (Male) |
| 14:33 | Crear | Archer |
| 14:35 | Crear | Villager (Male) |
| 14:52 | Crear | Villager (Male) |
| 14:54 | Crear | Archer |
| 14:54 | Crear | Archer |
| 15:06 | Construir | House |
| 15:15 | Construir | Archery Range |
| 15:33 | Crear | Villager (Male) |
| 15:38 | Investigar | Fletching |
| 16:13 | Crear | Archer |
| 16:13 | Crear | Archer |
| 16:17 | Crear | Villager (Male) |
| 16:46 | Crear | Villager (Male) |
| 17:00 | Construir | House |
| 17:12 | Crear | Villager (Male) |
| 17:20 | Crear | Villager (Male) |
| 17:28 | Crear | Archer |
| 17:29 | Crear | Archer |
| 17:37 | Crear | Archer |
| 17:37 | Crear | Archer |
| 17:48 | Crear | Villager (Male) |
| 17:59 | Construir | Farm |
| 18:01 | Construir | Farm |
| 18:01 | Construir | Farm |
| 18:02 | Construir | Farm |
| 18:04 | Crear | Villager (Male) |
| 18:20 | Crear | Villager (Male) |
| 18:26 | Crear | Archer |
| 18:26 | Crear | Archer |
| 18:40 | Construir | House |
| 19:21 | Crear | Archer |
| 19:25 | Construir | Palisade Wall |
| 19:36 | Construir | Farm |
| 19:36 | Construir | Farm |
| 19:36 | Construir | Farm |
| 19:44 | Crear | Spearman |
| 19:44 | Crear | Spearman |
| 19:48 | Crear | Archer |
| 20:07 | Construir | House |
| 20:08 | Crear | Villager (Male) |
| 20:14 | Investigar | Castle Age |
| 20:39 | Crear | Archer |
| 20:39 | Crear | Archer |
| 20:42 | Construir | House |
| 20:51 | Construir | Palisade Wall |
| 20:53 | Crear | Villager (Male) |
| 21:38 | Crear | Villager (Male) |
| 22:03 | Construir | Farm |
| 22:22 | Construir | Farm |
| 22:23 | Construir | Farm |
| 22:23 | Construir | Farm |
| 22:23 | Construir | Farm |
| 22:23 | Construir | Farm |
| 22:29 | Construir | Archery Range |
| 22:47 | Crear | Villager (Male) |
| 23:05 | Construir | Farm |
| 23:05 | Construir | Farm |
| 23:05 | Construir | Farm |
| 23:12 | Construir | Farm |
| 23:20 | Investigar | Double-Bit Axe |
| 23:38 | Edad | Edad de los Castillos |
| 23:40 | Investigar | Crossbowman (upgrade) |
| 23:58 | Construir | University |
| 24:00 | Crear | Villager (Male) |
| 25:00 | Crear | Archer |
| 25:00 | Crear | Archer |
| 25:00 | Crear | Archer |
| 25:01 | Crear | Archer |
| 25:17 | Crear | Villager (Male) |
| 25:17 | Crear | Villager (Male) |
| 25:22 | Construir | Archery Range |
| 25:27 | Crear | Archer |
| 25:27 | Crear | Archer |
| 25:28 | Crear | Archer |
| 25:28 | Crear | Archer |
| 25:28 | Crear | Archer |
| 25:28 | Crear | Archer |
| 25:29 | Crear | Villager (Male) |
| 25:30 | Crear | Villager (Male) |
| 25:38 | Construir | Mining Camp |
| 25:50 | Crear | Villager (Male) |
| 25:50 | Crear | Villager (Male) |
Build order — 坐边打一波就跑
Primeras 150 de 154 acciones detectadas
| 0:05 | Crear | Villager (Male) |
| 0:06 | Crear | Villager (Male) |
| 0:08 | Construir | House |
| 0:11 | Construir | House |
| 0:33 | Crear | Villager (Male) |
| 0:33 | Crear | Villager (Male) |
| 1:35 | Crear | Villager (Male) |
| 1:35 | Crear | Villager (Male) |
| 1:57 | Crear | Villager (Male) |
| 1:57 | Crear | Villager (Male) |
| 2:10 | Construir | Lumber Camp |
| 2:31 | Crear | Villager (Male) |
| 2:31 | Crear | Villager (Male) |
| 3:07 | Crear | Villager (Male) |
| 3:08 | Crear | Villager (Male) |
| 3:39 | Construir | House |
| 3:58 | Crear | Villager (Male) |
| 3:58 | Crear | Villager (Male) |
| 4:05 | Construir | House |
| 4:16 | Crear | Villager (Male) |
| 4:16 | Crear | Villager (Male) |
| 4:34 | Crear | Villager (Male) |
| 4:34 | Crear | Villager (Male) |
| 4:47 | Construir | Mill |
| 4:50 | Crear | Villager (Male) |
| 5:35 | Crear | Villager (Male) |
| 5:35 | Crear | Villager (Male) |
| 5:59 | Crear | Villager (Male) |
| 5:59 | Crear | Villager (Male) |
| 5:59 | Crear | Villager (Male) |
| 7:29 | Investigar | Loom |
| 7:49 | Investigar | Feudal Age |
| 8:11 | Construir | Mill |
| 8:31 | Construir | Barracks |
| 10:04 | Edad | Edad Feudal |
| 10:07 | Construir | Stable |
| 10:11 | Crear | Villager (Male) |
| 10:20 | Investigar | Double-Bit Axe |
| 11:06 | Construir | Stable |
| 11:10 | Crear | Scout Cavalry |
| 11:13 | Crear | Villager (Male) |
| 11:36 | Crear | Scout Cavalry |
| 11:37 | Crear | Villager (Male) |
| 12:10 | Crear | Scout Cavalry |
| 12:14 | Construir | Blacksmith |
| 12:42 | Crear | Villager (Male) |
| 12:43 | Crear | Scout Cavalry |
| 12:43 | Crear | Scout Cavalry |
| 12:58 | Crear | Villager (Male) |
| 13:01 | Investigar | Horse Collar |
| 13:21 | Crear | Scout Cavalry |
| 13:28 | Construir | Market |
| 13:31 | Investigar | Scale Barding Armor |
| 13:42 | Construir | Mining Camp |
| 13:47 | Crear | Villager (Male) |
| 14:04 | Crear | Scout Cavalry |
| 14:05 | Crear | Scout Cavalry |
| 14:14 | Crear | Villager (Male) |
| 14:43 | Crear | Scout Cavalry |
| 14:56 | Construir | Mill |
| 15:18 | Investigar | Bloodlines |
| 16:38 | Crear | Villager (Male) |
| 16:41 | Construir | Farm |
| 16:42 | Construir | Farm |
| 16:45 | Construir | Farm |
| 16:46 | Construir | Farm |
| 16:47 | Construir | Farm |
| 16:48 | Construir | Farm |
| 16:49 | Construir | Farm |
| 16:51 | Construir | Farm |
| 16:52 | Construir | Farm |
| 16:53 | Construir | Farm |
| 17:00 | Construir | Farm |
| 17:01 | Construir | Farm |
| 17:03 | Construir | Farm |
| 17:33 | Crear | Villager (Male) |
| 17:55 | Crear | Scout Cavalry |
| 17:56 | Crear | Scout Cavalry |
| 18:12 | Construir | Farm |
| 18:14 | Crear | Villager (Male) |
| 18:14 | Crear | Villager (Male) |
| 18:57 | Crear | Villager (Male) |
| 18:57 | Crear | Villager (Male) |
| 19:09 | Construir | Farm |
| 19:15 | Construir | Farm |
| 19:34 | Crear | Scout Cavalry |
| 19:34 | Crear | Scout Cavalry |
| 19:44 | Construir | House |
| 20:10 | Construir | Mill |
| 20:18 | Construir | House |
| 20:39 | Investigar | Castle Age |
| 20:56 | Construir | Farm |
| 20:57 | Construir | Farm |
| 21:03 | Construir | Stable |
| 21:07 | Investigar | Gold Mining |
| 21:21 | Crear | Scout Cavalry |
| 22:15 | Construir | House |
| 22:16 | Construir | House |
| 22:31 | Investigar | Forging |
| 23:19 | Edad | Edad de los Castillos |
| 23:21 | Crear | Knight |
| 23:22 | Crear | Knight |
| 23:22 | Crear | Knight |
| 23:32 | Crear | Villager (Male) |
| 23:32 | Crear | Villager (Male) |
| 23:48 | Crear | Knight |
| 23:55 | Investigar | Heavy Plow |
| 23:57 | Crear | Villager (Male) |
| 23:57 | Crear | Villager (Male) |
| 24:46 | Crear | Villager (Male) |
| 24:46 | Crear | Villager (Male) |
| 24:53 | Crear | Knight ×5 |
| 25:01 | Construir | Town Center |
| 25:06 | Construir | Farm |
| 25:07 | Crear | Villager (Male) |
| 25:19 | Crear | Villager (Male) |
| 25:20 | Crear | Villager (Male) |
| 25:29 | Investigar | Bow Saw |
| 25:58 | Construir | Town Center |
| 26:02 | Crear | Villager (Male) |
| 26:04 | Crear | Villager (Male) |
| 26:18 | Investigar | Chain Barding Armor |
| 26:20 | Crear | Villager (Male) |
| 26:29 | Construir | House |
| 26:30 | Construir | House |
| 26:35 | Construir | House |
| 26:43 | Crear | Villager (Male) |
| 26:44 | Crear | Villager (Male) |
| 26:48 | Construir | Farm |
| 26:57 | Crear | Villager (Male) |
| 26:58 | Crear | Villager (Male) |
| 27:07 | Investigar | Husbandry |
| 27:19 | Construir | Farm |
| 27:22 | Construir | Farm |
| 27:38 | Crear | Villager (Male) |
| 27:39 | Crear | Villager (Male) |
| 27:53 | Crear | Knight ×3 |
| 28:10 | Crear | Villager (Male) |
| 28:10 | Crear | Villager (Male) |
| 28:14 | Construir | Farm |
| 28:17 | Construir | Farm |
| 28:18 | Crear | Villager (Male) |
| 28:30 | Crear | Villager (Male) |
| 28:31 | Crear | Villager (Male) |
| 28:38 | Construir | House |
| 28:55 | Crear | Knight ×2 |
| 29:22 | Crear | Villager (Male) |
| 29:24 | Construir | House |
| 29:26 | Construir | House |
| 29:28 | Construir | House |
Build order — [Traidor]Fleco
Primeras 150 de 169 acciones detectadas
| 0:03 | Crear | Villager (Male) |
| 0:04 | Crear | Villager (Male) |
| 0:06 | Construir | House |
| 0:08 | Construir | House |
| 0:09 | Crear | Villager (Male) |
| 0:09 | Crear | Villager (Male) |
| 1:40 | Crear | Villager (Male) |
| 1:41 | Crear | Villager (Male) |
| 1:54 | Crear | Villager (Male) |
| 1:55 | Crear | Villager (Male) |
| 2:52 | Crear | Villager (Male) |
| 2:52 | Crear | Villager (Male) |
| 2:52 | Crear | Villager (Male) |
| 2:53 | Crear | Villager (Male) |
| 3:31 | Construir | Mill |
| 3:39 | Crear | Villager (Male) |
| 3:39 | Crear | Villager (Male) |
| 3:39 | Crear | Villager (Male) |
| 4:13 | Construir | House |
| 4:23 | Crear | Villager (Male) |
| 4:23 | Crear | Villager (Male) |
| 4:24 | Crear | Villager (Male) |
| 4:51 | Construir | House |
| 5:17 | Crear | Villager (Male) |
| 5:18 | Crear | Villager (Male) |
| 6:02 | Construir | Lumber Camp |
| 6:04 | Crear | Villager (Male) |
| 6:04 | Crear | Villager (Male) |
| 6:05 | Crear | Villager (Male) |
| 6:08 | Crear | Villager (Male) |
| 6:27 | Construir | Palisade Wall |
| 6:28 | Crear | Villager (Male) |
| 6:29 | Crear | Villager (Male) |
| 7:17 | Construir | House |
| 7:19 | Crear | Villager (Male) |
| 7:35 | Construir | House |
| 7:39 | Construir | Palisade Wall |
| 8:10 | Construir | Palisade Wall |
| 8:22 | Investigar | Feudal Age |
| 8:25 | Investigar | Loom |
| 8:26 | Investigar | Feudal Age |
| 8:39 | Construir | House |
| 8:49 | Construir | Palisade Wall |
| 9:02 | Construir | Palisade Wall |
| 9:23 | Crear | Villager (Male) |
| 9:23 | Crear | Villager (Male) |
| 9:33 | Construir | Mining Camp |
| 10:17 | Edad | Edad Feudal |
| 10:23 | Construir | Barracks |
| 10:36 | Investigar | Double-Bit Axe |
| 10:57 | Crear | Villager (Male) |
| 11:11 | Crear | Villager (Male) |
| 11:41 | Construir | Watch Tower |
| 11:44 | Crear | Villager (Male) |
| 12:00 | Construir | Archery Range |
| 12:03 | Crear | Villager (Male) |
| 12:16 | Construir | Mill |
| 12:25 | Crear | Villager (Male) |
| 12:55 | Construir | Blacksmith |
| 13:04 | Construir | House |
| 13:10 | Construir | House |
| 13:12 | Crear | Villager (Male) |
| 13:22 | Construir | Farm |
| 13:42 | Crear | Villager (Male) |
| 13:43 | Crear | Villager (Male) |
| 13:46 | Construir | Farm |
| 13:47 | Construir | Farm |
| 13:50 | Construir | Farm |
| 14:02 | Construir | House |
| 14:03 | Crear | Villager (Male) |
| 14:16 | Investigar | Horse Collar |
| 14:21 | Construir | Farm |
| 14:37 | Construir | Farm |
| 14:43 | Crear | Villager (Male) |
| 14:58 | Construir | Palisade Wall |
| 15:04 | Construir | Palisade Wall |
| 15:05 | Crear | Villager (Male) |
| 15:19 | Construir | Market |
| 15:21 | Construir | House |
| 15:22 | Construir | House |
| 15:24 | Crear | Villager (Male) |
| 15:30 | Construir | Farm |
| 15:52 | Construir | Farm |
| 16:03 | Construir | Farm |
| 16:12 | Construir | Farm |
| 16:14 | Crear | Villager (Male) |
| 16:21 | Construir | Farm |
| 16:51 | Investigar | Castle Age |
| 16:56 | Construir | House |
| 17:24 | Construir | Archery Range |
| 17:29 | Crear | Archer |
| 17:30 | Crear | Archer |
| 17:34 | Investigar | Fletching |
| 17:47 | Investigar | Padded Archer Armor |
| 17:47 | Investigar | Padded Archer Armor |
| 17:47 | Investigar | Padded Archer Armor |
| 18:16 | Investigar | Gold Mining |
| 18:18 | Crear | Villager (Male) |
| 18:27 | Edad | Edad de los Castillos |
| 18:44 | Investigar | Crossbowman (upgrade) |
| 18:52 | Crear | Archer ×4 |
| 19:04 | Crear | Villager (Male) |
| 19:20 | Crear | Archer |
| 19:20 | Crear | Archer |
| 19:21 | Crear | Archer |
| 19:42 | Crear | Villager (Male) |
| 19:42 | Crear | Villager (Male) |
| 19:42 | Crear | Villager (Male) |
| 19:49 | Construir | Farm |
| 20:01 | Crear | Archer |
| 20:02 | Crear | Archer |
| 20:42 | Construir | Town Center |
| 20:43 | Crear | Villager (Male) |
| 20:54 | Crear | Archer |
| 20:54 | Crear | Archer |
| 20:57 | Crear | Villager (Male) |
| 21:28 | Construir | Town Center |
| 21:35 | Crear | Villager (Male) |
| 21:35 | Crear | Villager (Male) |
| 21:42 | Investigar | Bodkin Arrow |
| 21:58 | Crear | Archer ×3 |
| 22:01 | Crear | Villager (Male) |
| 22:01 | Crear | Villager (Male) |
| 22:12 | Investigar | Bow Saw |
| 22:17 | Investigar | Heavy Plow |
| 22:30 | Construir | House |
| 22:38 | Construir | House |
| 22:55 | Construir | House |
| 23:00 | Construir | House |
| 23:26 | Construir | Siege Workshop |
| 23:38 | Investigar | Leather Archer Armor |
| 24:07 | Construir | House |
| 24:10 | Crear | Scorpion |
| 24:10 | Crear | Scorpion |
| 24:16 | Crear | Villager (Male) |
| 24:16 | Crear | Villager (Male) |
| 24:17 | Crear | Villager (Male) |
| 24:17 | Crear | Villager (Male) |
| 24:18 | Crear | Villager (Male) |
| 25:26 | Construir | Mining Camp |
| 25:30 | Construir | Farm |
| 25:47 | Crear | Villager (Male) |
| 25:47 | Crear | Villager (Male) |
| 25:48 | Crear | Villager (Male) |
| 25:48 | Crear | Villager (Male) |
| 26:03 | Crear | Archer ×5 |
| 26:03 | Crear | Archer ×5 |
| 26:22 | Construir | Stone Wall |
| 26:24 | Construir | House |
| 26:38 | Crear | Villager (Male) |
Build order — makeinu
Primeras 150 de 181 acciones detectadas
| 0:00 | Crear | Villager (Male) |
| 0:01 | Crear | Villager (Male) |
| 0:01 | Crear | Villager (Male) |
| 0:01 | Crear | Villager (Male) |
| 0:03 | Construir | House |
| 0:04 | Construir | House |
| 1:36 | Crear | Villager (Male) |
| 1:36 | Crear | Villager (Male) |
| 2:01 | Crear | Villager (Male) |
| 2:01 | Crear | Villager (Male) |
| 2:31 | Crear | Villager (Male) |
| 2:31 | Crear | Villager (Male) |
| 2:51 | Crear | Villager (Male) |
| 2:51 | Crear | Villager (Male) |
| 2:55 | Construir | Lumber Camp |
| 3:14 | Crear | Villager (Male) |
| 3:15 | Crear | Villager (Male) |
| 3:21 | Construir | House |
| 3:23 | Construir | House |
| 3:44 | Crear | Villager (Male) |
| 4:01 | Crear | Villager (Male) |
| 4:01 | Crear | Villager (Male) |
| 4:09 | Crear | Villager (Male) |
| 4:09 | Crear | Villager (Male) |
| 5:13 | Construir | Mill |
| 5:21 | Crear | Villager (Male) |
| 5:21 | Crear | Villager (Male) |
| 5:25 | Crear | Villager (Male) |
| 6:42 | Investigar | Loom |
| 7:20 | Investigar | Feudal Age |
| 7:53 | Construir | Barracks |
| 8:54 | Construir | Mining Camp |
| 9:30 | Edad | Edad Feudal |
| 9:33 | Construir | Archery Range |
| 9:36 | Crear | Villager (Male) |
| 9:47 | Investigar | Double-Bit Axe |
| 9:50 | Crear | Villager (Male) |
| 10:06 | Crear | Villager (Male) |
| 10:19 | Construir | Archery Range |
| 10:27 | Crear | Archer |
| 10:28 | Crear | Archer |
| 11:04 | Construir | House |
| 11:07 | Construir | House |
| 11:09 | Crear | Archer |
| 11:09 | Crear | Archer |
| 11:24 | Construir | House |
| 11:27 | Crear | Archer |
| 12:06 | Crear | Archer |
| 12:15 | Crear | Villager (Male) |
| 12:45 | Construir | Blacksmith |
| 13:03 | Construir | Palisade Wall |
| 13:11 | Crear | Archer |
| 13:11 | Crear | Archer |
| 13:12 | Crear | Villager (Male) |
| 13:13 | Crear | Villager (Male) |
| 13:13 | Crear | Villager (Male) |
| 13:17 | Investigar | Gold Mining |
| 13:32 | Crear | Archer |
| 13:58 | Crear | Archer |
| 13:58 | Crear | Archer |
| 14:00 | Crear | Villager (Male) |
| 14:24 | Investigar | Fletching |
| 14:43 | Crear | Archer |
| 14:43 | Crear | Archer |
| 14:45 | Crear | Villager (Male) |
| 14:52 | Construir | Farm |
| 14:53 | Construir | Farm |
| 14:54 | Crear | Archer |
| 14:54 | Crear | Archer |
| 15:21 | Crear | Archer |
| 15:22 | Crear | Archer |
| 15:24 | Construir | House |
| 15:27 | Crear | Villager (Male) |
| 15:27 | Investigar | Town Watch |
| 15:27 | Crear | Villager (Male) |
| 15:33 | Construir | House |
| 15:34 | Construir | House |
| 15:58 | Crear | Archer |
| 15:58 | Crear | Archer |
| 16:19 | Crear | Archer |
| 16:19 | Crear | Archer |
| 16:19 | Crear | Archer |
| 16:21 | Crear | Villager (Male) |
| 16:21 | Crear | Villager (Male) |
| 16:22 | Crear | Villager (Male) |
| 16:37 | Crear | Villager (Male) |
| 16:37 | Crear | Villager (Male) |
| 16:43 | Construir | Farm |
| 16:49 | Construir | House |
| 16:52 | Crear | Archer |
| 16:52 | Crear | Archer |
| 16:59 | Investigar | Padded Archer Armor |
| 17:36 | Investigar | Wheelbarrow |
| 17:42 | Construir | Farm |
| 17:48 | Construir | Farm |
| 17:51 | Construir | Farm |
| 18:00 | Crear | Archer |
| 18:19 | Construir | House |
| 18:33 | Crear | Archer |
| 18:33 | Crear | Archer |
| 18:57 | Crear | Archer |
| 18:57 | Crear | Archer |
| 18:57 | Crear | Villager (Male) |
| 18:58 | Crear | Villager (Male) |
| 19:07 | Crear | Archer |
| 19:09 | Construir | House |
| 19:10 | Crear | Archer |
| 19:14 | Crear | Villager (Male) |
| 19:18 | Construir | Farm |
| 19:20 | Construir | Farm |
| 19:21 | Crear | Archer |
| 19:22 | Crear | Archer |
| 19:43 | Crear | Archer |
| 19:43 | Crear | Archer |
| 19:49 | Construir | Archery Range |
| 20:07 | Crear | Villager (Male) |
| 20:08 | Crear | Villager (Male) |
| 20:08 | Crear | Villager (Male) |
| 20:08 | Crear | Villager (Male) |
| 20:17 | Construir | Farm |
| 20:19 | Construir | Farm |
| 20:21 | Crear | Archer |
| 20:21 | Crear | Archer |
| 20:25 | Crear | Villager (Male) |
| 20:51 | Construir | House |
| 20:52 | Construir | House |
| 21:23 | Construir | House |
| 21:28 | Construir | Palisade Wall |
| 21:35 | Crear | Archer |
| 21:39 | Crear | Archer |
| 21:39 | Crear | Archer |
| 22:02 | Construir | Farm |
| 22:03 | Construir | Farm |
| 22:20 | Crear | Archer |
| 22:20 | Crear | Archer |
| 22:37 | Investigar | Castle Age |
| 22:42 | Construir | Mill |
| 23:28 | Construir | House |
| 23:52 | Crear | Archer |
| 23:53 | Crear | Archer |
| 25:17 | Edad | Edad de los Castillos |
| 25:18 | Crear | Archer |
| 25:38 | Crear | Villager (Male) |
| 25:43 | Construir | Market |
| 25:45 | Crear | Archer |
| 26:01 | Investigar | Gold Shaft Mining |
| 26:12 | Construir | Farm |
| 26:14 | Crear | Villager (Male) |
| 26:15 | Crear | Villager (Male) |
| 26:16 | Construir | Farm |
Build order — Polenta
Primeras 150 de 209 acciones detectadas
| 0:01 | Crear | Villager (Male) |
| 0:01 | Crear | Villager (Male) |
| 0:02 | Construir | House |
| 0:03 | Construir | House |
| 0:08 | Crear | Villager (Male) |
| 0:30 | Crear | Villager (Male) |
| 0:30 | Crear | Villager (Male) |
| 1:25 | Crear | Villager (Male) |
| 1:25 | Crear | Villager (Male) |
| 1:38 | Crear | Villager (Male) |
| 2:26 | Crear | Villager (Male) |
| 2:26 | Crear | Villager (Male) |
| 2:43 | Crear | Villager (Male) |
| 2:43 | Crear | Villager (Male) |
| 2:43 | Crear | Villager (Male) |
| 2:58 | Crear | Villager (Male) |
| 2:59 | Crear | Villager (Male) |
| 3:14 | Crear | Villager (Male) |
| 3:14 | Crear | Villager (Male) |
| 3:31 | Crear | Villager (Male) |
| 3:45 | Construir | Lumber Camp |
| 4:03 | Construir | House |
| 4:06 | Crear | Villager (Male) |
| 4:06 | Crear | Villager (Male) |
| 4:10 | Construir | House |
| 4:17 | Crear | Villager (Male) |
| 4:17 | Crear | Villager (Male) |
| 5:22 | Investigar | Loom |
| 6:00 | Investigar | Feudal Age |
| 6:00 | Investigar | Feudal Age |
| 6:30 | Construir | Mining Camp |
| 8:10 | Edad | Edad Feudal |
| 8:11 | Construir | Archery Range |
| 8:18 | Crear | Villager (Male) |
| 8:21 | Investigar | Double-Bit Axe |
| 8:48 | Crear | Villager (Male) |
| 8:56 | Construir | Archery Range |
| 8:58 | Crear | Archer |
| 9:31 | Crear | Villager (Male) |
| 9:32 | Crear | Archer |
| 9:32 | Crear | Archer |
| 9:35 | Construir | House |
| 9:36 | Construir | House |
| 10:16 | Crear | Archer |
| 10:16 | Crear | Archer |
| 10:20 | Crear | Villager (Male) |
| 10:21 | Crear | Villager (Male) |
| 10:22 | Construir | Farm |
| 10:27 | Construir | Mill |
| 10:50 | Crear | Archer |
| 10:51 | Crear | Archer |
| 10:53 | Construir | House |
| 10:54 | Crear | Villager (Male) |
| 10:54 | Crear | Villager (Male) |
| 11:20 | Crear | Villager (Male) |
| 11:21 | Crear | Archer |
| 11:21 | Crear | Archer |
| 12:00 | Crear | Villager (Male) |
| 12:16 | Crear | Villager (Male) |
| 12:23 | Crear | Archer |
| 12:24 | Crear | Archer |
| 12:42 | Crear | Archer |
| 12:43 | Construir | Farm |
| 12:44 | Construir | Farm |
| 12:44 | Construir | Farm |
| 12:45 | Construir | Farm |
| 12:46 | Crear | Villager (Male) |
| 12:48 | Crear | Archer |
| 12:48 | Crear | Archer |
| 12:55 | Construir | House |
| 13:06 | Crear | Villager (Male) |
| 13:12 | Construir | Blacksmith |
| 13:14 | Crear | Archer |
| 13:14 | Crear | Archer |
| 13:28 | Crear | Archer |
| 13:28 | Crear | Archer |
| 13:45 | Crear | Archer |
| 13:45 | Crear | Archer |
| 13:47 | Construir | Farm |
| 14:05 | Crear | Archer |
| 14:05 | Crear | Archer |
| 14:15 | Investigar | Fletching |
| 14:15 | Investigar | Fletching |
| 14:21 | Construir | House |
| 14:23 | Construir | House |
| 14:39 | Crear | Archer |
| 14:48 | Crear | Villager (Male) |
| 14:48 | Crear | Villager (Male) |
| 14:50 | Construir | Farm |
| 14:52 | Crear | Archer |
| 15:14 | Crear | Villager (Male) |
| 15:15 | Crear | Villager (Male) |
| 15:16 | Crear | Archer |
| 15:16 | Crear | Archer |
| 15:27 | Crear | Archer |
| 15:27 | Crear | Archer |
| 15:33 | Crear | Villager (Male) |
| 15:38 | Construir | Watch Tower |
| 15:43 | Crear | Archer |
| 15:43 | Crear | Archer |
| 15:43 | Crear | Archer |
| 15:55 | Crear | Villager (Male) |
| 15:56 | Crear | Archer |
| 16:21 | Crear | Villager (Male) |
| 16:21 | Crear | Archer |
| 16:21 | Crear | Archer |
| 16:21 | Crear | Archer |
| 16:30 | Crear | Villager (Male) |
| 17:03 | Crear | Archer |
| 17:04 | Crear | Archer |
| 17:14 | Construir | Palisade Wall |
| 17:15 | Construir | Palisade Wall |
| 17:16 | Construir | Palisade Wall |
| 17:38 | Crear | Villager (Male) |
| 17:42 | Crear | Villager (Male) |
| 17:42 | Crear | Villager (Male) |
| 18:04 | Crear | Villager (Male) |
| 18:33 | Construir | Farm |
| 18:34 | Construir | Farm |
| 18:36 | Crear | Villager (Male) |
| 19:03 | Crear | Villager (Male) |
| 19:04 | Crear | Archer |
| 19:04 | Crear | Archer |
| 19:17 | Construir | Farm |
| 19:22 | Construir | Farm |
| 19:26 | Crear | Villager (Male) |
| 19:26 | Crear | Archer |
| 19:52 | Crear | Villager (Male) |
| 19:53 | Crear | Archer |
| 19:53 | Crear | Archer |
| 20:06 | Crear | Villager (Male) |
| 20:07 | Crear | Archer |
| 20:07 | Crear | Archer |
| 20:44 | Construir | Archery Range |
| 21:01 | Crear | Villager (Male) |
| 21:09 | Crear | Villager (Male) |
| 21:09 | Crear | Archer |
| 21:10 | Crear | Archer |
| 21:14 | Crear | Villager (Male) |
| 21:19 | Crear | Villager (Male) |
| 21:20 | Crear | Archer |
| 21:20 | Crear | Archer |
| 21:28 | Crear | Archer |
| 21:28 | Crear | Archer |
| 21:37 | Crear | Villager (Male) |
| 21:38 | Crear | Archer |
| 21:38 | Crear | Archer |
| 21:45 | Crear | Villager (Male) |
| 21:46 | Crear | Archer |
| 21:46 | Crear | Archer |
Cronología de la partida
| 3:24 | Kill Line · wall_segment Palisade Wall x8 |
| 3:31 | Kill Line · wall_segment Palisade Wall x11 |
| 6:27 | [Traidor]Fleco · wall_segment Palisade Wall x16 |
| 6:42 | Kill Line · wall_segment Palisade Wall x5 |
| 7:39 | [Traidor]Fleco · wall_segment Palisade Wall x1 |
| 7:53 | makeinu · first_building Barracks |
| 8:10 | Polenta · age_up feudal |
| 8:10 | [Traidor]Fleco · wall_segment Palisade Wall x7 |
| 8:11 | Polenta · first_building Archery Range |
| 8:24 | Kill Line · wall_segment Palisade Wall x12 |
| 8:27 | Catoño · first_building Barracks |
| 8:31 | 坐边打一波就跑 · first_building Barracks |
| 8:37 | Kill Line · first_building Barracks |
| 8:49 | [Traidor]Fleco · wall_segment Palisade Wall x13 |
| 9:02 | [Traidor]Fleco · wall_segment Palisade Wall x9 |
| 9:30 | makeinu · age_up feudal |
| 9:33 | makeinu · first_building Archery Range |
| 9:43 | Kill Line · wall_segment Palisade Wall x2 |
| 9:45 | jerius02 · first_building Barracks |
| 9:46 | Kill Line · wall_segment Palisade Wall x7 |
| 9:52 | Catoño · age_up feudal |
| 9:55 | Catoño · first_building Stable |
| 10:04 | 坐边打一波就跑 · age_up feudal |
| 10:07 | 坐边打一波就跑 · first_building Stable |
| 10:15 | Cuervo · age_up feudal |
| 10:17 | [Traidor]Fleco · age_up feudal |
| 10:23 | [Traidor]Fleco · first_building Barracks |
| 10:34 | Cuervo · first_building Barracks |
| 10:44 | jerius02 · age_up feudal |
| 11:03 | jerius02 · first_building Archery Range |
| 11:31 | Cuervo · first_building Stable |
| 11:44 | Kill Line · age_up feudal |
| 12:00 | [Traidor]Fleco · first_building Archery Range |
| 12:25 | Kill Line · wall_segment Stone Wall x10 |
| 12:32 | Kill Line · wall_segment Stone Wall x9 |
| 13:03 | makeinu · wall_segment Palisade Wall x1 |
| 14:58 | [Traidor]Fleco · wall_segment Palisade Wall x2 |
| 15:04 | [Traidor]Fleco · wall_segment Palisade Wall x6 |
| 16:33 | [Traidor]Fleco · first_market_buy 100 food |
| 17:14 | Polenta · wall_segment Palisade Wall x1 |
| 17:15 | Polenta · wall_segment Palisade Wall x1 |
| 17:16 | Polenta · wall_segment Palisade Wall x1 |
| 18:27 | [Traidor]Fleco · age_up castle |
| 19:10 | Catoño · age_up castle |
| 19:14 | Kill Line · age_up castle |
| 19:18 | Kill Line · first_building Siege Workshop |
| 19:25 | jerius02 · wall_segment Palisade Wall x1 |
| 20:31 | 坐边打一波就跑 · first_market_buy 100 food |
| 20:51 | jerius02 · wall_segment Palisade Wall x5 |
| 21:19 | [Traidor]Fleco · first_market_sell 100 wood |
| 21:28 | makeinu · wall_segment Palisade Wall x1 |
| 22:57 | Kill Line · first_building Castle |
| 22:58 | Catoño · first_market_buy 100 stone |
| 23:19 | 坐边打一波就跑 · age_up castle |
| 23:19 | Cuervo · age_up castle |
| 23:26 | [Traidor]Fleco · first_building Siege Workshop |
| 23:38 | jerius02 · age_up castle |
| 24:49 | 坐边打一波就跑 · first_market_sell 100 wood |
| 25:17 | makeinu · age_up castle |
| 26:22 | [Traidor]Fleco · wall_segment Stone Wall x7 |
| 26:43 | makeinu · first_market_sell 100 food |
| 26:52 | Polenta · first_market_buy 100 food |
| 27:09 | [Traidor]Fleco · wall_segment Stone Wall x13 |
| 27:21 | Polenta · wall_segment Stone Wall x1 |
| 27:23 | Polenta · wall_segment Stone Wall x2 |
| 27:25 | [Traidor]Fleco · wall_segment Stone Wall x15 |
| 27:25 | Polenta · wall_segment Stone Wall x1 |
| 27:28 | Polenta · wall_segment Stone Wall x1 |
| 27:29 | Polenta · wall_segment Stone Wall x1 |
| 27:39 | Polenta · wall_segment Stone Wall x2 |
| 28:26 | Catoño · first_market_sell 500 wood |
| 29:00 | Polenta · first_market_sell 500 wood |
| 29:29 | jerius02 · wall_segment Palisade Wall x4 |
| 29:43 | Polenta · age_up castle |
| 29:44 | [Traidor]Fleco · resign |
[ ANÁLISIS IA · 1 CRÉDITO ]
¿Qué pasó realmente en esta partida?
Wolo.gg analiza cada decisión: build order, eco, micro, errores típicos por bracket. Análisis personalizado por WhatsApp o Discord en 30 segundos.
Guía civ
Kitán
Guía mapa
Oasis
Perfil
Jugador #2409552